 Dungeon Crawl Stone Soup version 0.24.0-7-gb3623d2c88 (webtiles) character file.

Game seed: 13949326680332299897, levelgen mode: deterministic

26 wullow the Sneak (level 3, 0/28 HPs)
             Began as a Naga Wanderer on Nov 2, 2019.
             Slain by a quokka (2 damage)
             ... on level 1 of the Dungeon.
             The game lasted 00:03:57 (957 turns).

wullow the Sneak (Naga Wanderer)                     Turns: 957, Time: 00:03:57

Health: 0/28       AC:  2    Str: 14    XL:     3   Next: 8%
Magic:  4/4        EV:  9    Int: 14    God:
Gold:   158        SH:  0    Dex:  9    Spells: 3/4 levels left

rFire    . . .     SeeInvis +   a - +2 dagger
rCold    . . .     Gourm    .   (no shield)
rNeg     . . .     Faith    .   e - +0 robe
rPois    +         Spirit   .   (no helmet)
rElec    .         Reflect  .   (no cloak)
rCorr    .         Harm     .   (no gloves)
MR       .....                  (no barding)
Stlth    ++........             (no amulet)
HPRegen  0.09/turn              (no ring)
MPRegen  0.09/turn              (no ring)

@: very slow
A: large, see invisible, deformed body, poison resistance, slowness 2, slow
metabolism 1, spit poison 1, AC +1
a: Spit Poison


You were on level 1 of the Dungeon.
You were not hungry.

You visited 1 branch of the dungeon, and saw 2 of its levels.

You collected 158 gold pieces.

Inventory:

Hand Weapons
 a - a +2 dagger (weapon)
Missiles
 i - 24 arrows
 p - 2 boomerangs (quivered)
Armour
 e - a +0 robe (worn)
Scrolls
 b - a scroll of blinking
 d - 2 scrolls of remove curse {unknown}
 m - a scroll of teleportation {unknown}
 o - a scroll of magic mapping {unknown}
Potions
 c - 2 potions of curing {unknown}
 g - a potion of haste {unknown}
 h - a potion of berserk rage {unknown}
 k - a potion of might {unknown}
 l - a potion of lignification {unknown}
 n - a potion of flight {unknown}
Comestibles
 f - 2 rations


   Skills:
 + Level 0.6 Short Blades
   Level 1.0 Axes
 + Level 1.9 Armour
 + Level 2.4 Stealth
   Level 1.0 Shields
 + Level 1.3 Spellcasting
 + Level 2.3 Conjurations
   Level 2.0 Charms
 + Level 1.1 Poison Magic


You had 3 spell levels left.
You knew the following spells:

 Your Spells              Type           Power        Failure   Level  Hunger
a - Sting                 Conj/Pois      #...         13%         1    ##.....

Your spell library contained the following spells:

 Spells                   Type           Power        Failure   Level  Hunger
 Conjure Flame            Conj/Fire      #.......     43%         3    ####...


Dungeon Overview and Level Annotations

Branches:
Dungeon (2/15)

Altars:


Innate Abilities, Weirdness & Mutations

You cannot wear boots.
Your serpentine skin is tough. (AC +1)
You have supernaturally acute eyesight. (SInv)
Armour fits poorly on your strangely shaped body.
Your system is resistant to poisons. (rPois)
You cover ground very slowly.
You have a slow metabolism.
You can spit poison.


Message History

The quokka bites you.
* * * LOW HITPOINT WARNING * * *
The quokka barely misses you. The quokka bites you.
* * * LOW HITPOINT WARNING * * *
The hobgoblin hits you but does no damage.
The quokka bites you.
* * * LOW HITPOINT WARNING * * *
The quokka barely misses you. The hobgoblin hits you with a +0 club.
* * * LOW HITPOINT WARNING * * *
The quokka misses you.
Throwing (i - inventory. (/) - cycle)
j - a poisoned dart (quivered)
Press: ? - help, Shift-Dir - straight line, f - hobgoblin
Aim: a hobgoblin, wielding a +0 club You throw a poisoned dart.
The poisoned dart closely misses the quokka.
The poisoned dart closely misses the hobgoblin.
The quokka bites you.
You die...

#..........# #...............
##############...............
########...................
#..........................
#....)##....###............
#.....##.##.###......#.....
####.###...................
#........#################.
#..#(...gr@##...##..##..##.
#........##§§#≈.#.###..#..#
####........##§§..###...##.≈##
#...>.......###.§.##.####.##.#
###########....##≈.#.#...#..#.
#.###...#.#..######.
#.##[##.#.####...<#.
#.#≈#.####.###....##
########.#.#.#.#≈..#.##.≈##


You could see a quokka and a hobgoblin.

Vanquished Creatures
  An adder (D:1)
  A leopard gecko (D:1)
  A giant cockroach (D:1)
  4 goblins (D:1)
  A hobgoblin (D:1)
  A jackal (D:1)
  A kobold (D:1)
  A ball python (D:1)
  3 frilled lizards (D:1)
  2 rats (D:1)
16 creatures vanquished.

Notes
Turn   | Place    | Note
-------+----------+-------------------------------------------
     0 | D:1      | wullow the Naga Wanderer began the quest for the Orb.
     0 | D:1      | wullow set off with the following items: a +2 dagger, a
                  | scroll of blinking, a +0 robe, a ration; and the following
                  | spell memorised: Sting; and the following spells available
                  | to memorise: Conjure Flame
     0 | D:1      | Reached XP level 1. HP: 15/15 MP: 2/2
   151 | D:1      | Reached XP level 2. HP: 7/22 MP: 0/3
   640 | D:1      | Reached skill level 1 in Poison Magic
   699 | D:1      | Reached XP level 3. HP: 10/28 MP: 4/4
   957 | D:1      | Slain by a quokka

Levels and vault maps discovered:
D:1:      dpeg_arrival_brainrot, layout_basic
D:2:      layout_rooms, marbit_many_paths

Skill      XL: |  1  2 |
---------------+-------+-----
Stealth        | 2 |  2.4
Poison Magic   | 1 |  1.1
Short Blades   | |  0.6
Axes           | |  1.0
Armour         | |  1.9
Shields        | |  1.0
Spellcasting   | |  1.3
Conjurations   | |  2.3
Charms         | |  2.0

Action                   || total
-------------------------++-------
Melee: Dagger            ||    27
Throw: Dart              ||    18
 Cast: Sting             ||     8
 Stab: Sleeping          ||     2
Armor: Robe              ||     6
Dodge: Dodged            ||    20
